 Dungeon Sprint DCSS version 0.21.0-26-g889b8f6 (webtiles) character file.

29 wojtek the Chopper (level 3, -2/52 HPs)
             Began as a Minotaur Berserker on Jan 27, 2018.
             Was a Believer of Trog.
             Drowned by a water elemental (4 damage)
             ... in the Dungeon (Sprint III: "The Ten Rune Challenge").
             The game lasted 00:00:27 (224 turns).

wojtek the Chopper (Minotaur Berserker)              Turns: 224, Time: 00:00:28

Health: -2/52      AC:  2    Str: 27    XL:     3   Next: 1%
Magic:  2/2        EV: 13    Int:  4    God:    Trog [**....]
Gold:   36         SH:  0    Dex:  9    Spells: 2/2 levels left

rFire    . . .     SeeInvis .   a - +0 hand axe
rCold    . . .     Gourm    .   (no shield)
rNeg     . . .     Faith    .   b - +0 animal skin
rPois    .         Spirit   .   (helmet restricted)
rElec    .         Reflect  .   (no cloak)
rCorr    .         Harm     .   (no gloves)
MR       .....     NoTele   +   (no boots)
Stlth    ..........             (no amulet)
HPRegen  0.17/turn              (no ring)
MPRegen  0.08/turn              (no ring)

@: berserking, engulfed (cannot breathe), very quick
A: retaliatory headbutt, horns 2
a: Berserk, Trog's Hand, Burn Spellbooks, Renounce Religion


You were in the Dungeon.
You worshipped Trog.
Trog was pleased with you.
You were not hungry.

You visited 1 branch You collected 36 gold pieces.

Inventory:

Hand Weapons
 a - a +0 hand axe (weapon)
Armour
 b - a +0 animal skin (worn)
Scrolls
 i - a scroll of blinking
 j - a scroll of magic mapping {unknown}
 m - a scroll of torment {unknown}
 n - a scroll of identify {unknown}
 o - 4 scrolls of remove curse
 q - a scroll of holy word {unknown}
 r - a scroll of enchant armour {unknown}
Potions
 d - a potion of curing
 e - 2 potions of heal wounds
 f - a potion of haste
 g - 2 potions of magic
 h - 2 potions of berserk rage
 l - 2 potions of mutation {unknown}
 p - 2 potions of flight {unknown}
Comestibles
 c - 3 rations
 k - 4 chunks of flesh


   Skills:
 + Level 4.8 Fighting
 * Level 5.8 Axes
 + Level 4.0 Armour
 + Level 3.6 Dodging


You had 2 spell levels left.
You didn't know any spells.

Dungeon Overview and Level Annotations

Branches:
Dungeon (1/1)

Altars:


Innate Abilities, Weirdness & Mutations

You reflexively headbutt those who attack you in melee.
You have a pair of horns on your head.


Message History

A water elemental comes into view.
There is an open door to the Ecumenical Temple here.
You hit the water elemental but do no damage.
Your headbutt misses the water elemental.
The water elemental hits you!
* * * LOW HITPOINT WARNING * * *
The water elemental engulfs you in water!
You barely miss the water elemental.
You headbutt the water elemental, but do no damage.
* * * LOW HITPOINT WARNING * * *
Your lungs strain for air!
The water elemental hits you.
* * * LOW HITPOINT WARNING * * *
You barely miss the water elemental.
Your headbutt misses the water elemental.
* * * LOW HITPOINT WARNING * * *
Your lungs strain for air!
You barely miss the water elemental. You headbutt the water elemental!!
The water elemental is severely damaged.
You die...

▓▓▓▓▓▓▓▓▓▓▓ ▓▓▓
.#..'...♣.♣♣ ♣.#
.#..#......♣ ♣♣.#
'####....♣.♣ ..#
....#....≈.♣♣♣♣.###+#+##
....#...≈≈.♣....#.......
....#..≈≈≈≈♣♣...@.⌠.....
###'#..≈≈≈≈≈≈♣..#E..####
...÷#.≈≈≈≈≈≈....#.⌠.#
....#.≈≈≈≈≈.....#...#
....#.≈≈≈.......#+###
#####...........#
................#
▓▓▓▓▓▓▓▓▓▓▓▓▓▓▓▓▓


You could see a water elemental.

Vanquished Creatures
  A human (D)
  An ooze (D)
  A phantom (D)
  3 rats (D)
6 creatures vanquished.

Vanquished Creatures (others)
  2 draconian scorchers (D)
  A yaktaur (D)
  6 hellions (D)
9 creatures vanquished.

Grand Total: 15 creatures vanquished

Notes
Turn   | Place    | Note
-------+----------+-------------------------------------------
     0 | D        | wojtek the Minotaur Berserker began the quest for the Orb.
     0 | D        | Reached XP level 1. HP: 19/19 MP: 0/0
    10 | D        | Reached skill level 4 in Axes
    63 | D        | Killed a hellion
    78 | D        | Killed a yaktaur
    80 | D        | Killed a hellion
    81 | D        | Killed a hellion
   110 | D        | Reached ** piety under Trog
   136 | D        | Reached XP level 2. HP: 21/27 MP: 1/1
   150 | D        | Reached skill level 5 in Axes
   150 | D        | Reached XP level 3. HP: 10/35 MP: 2/2
   167 | D        | Killed a white draconian scorcher
   168 | D        | Killed a hellion
   168 | D        | Killed a hellion
   169 | D        | Killed a hellion
   220 | D        | Noticed a water elemental
   220 | D        | Killed a white draconian scorcher
   223 | D        | HP: 2/52 [drowned by a water elemental (4)]
   224 | D        | Drowned by a water elemental

Skill      XL: |  1  2 |
---------------+-------+-----
Fighting       | 4 |  4.8
Axes           | 4 5 |  5.8
Armour         | 3 4 |  4.0
Dodging        | 3 |  3.6

Action                   || total
-------------------------++-------
Melee: Hand axe          ||    27
       Headbutt          ||     2
Invok: Berserk           ||     1
Dodge: Dodged            ||    12
